 Dungeon Crawl Stone Soup version 0.31-a0-810-ga77100ea1a (webtiles) character file.

Game seed: 1708398216640208240

98 lunkers the Digger (level 5, -9/38 HPs)
             Began as a Meteoran Earth Elementalist on Sept 21, 2023.
             Was an Initiate of Vehumet.
             Killed by divine providence
             ... invoked by an orc priest
              (17 damage)
             ... on level 4 of the Dungeon.
             The game lasted 00:02:10 (1289 turns).

lunkers the Digger (Meteoran Earth Elementalist)    Turns: 1289, Time: 00:02:11

Health: -9/38      AC:  3    Str:  9    XL:     5   Next: 21%
Magic:  9/12       EV: 12    Int: 19    God:    Vehumet [......]
Gold:   123        SH:  0    Dex: 14    Spells: 11/12 levels left

rFire   . . .        (no weapon)
rCold   . . .        (no shield)
rNeg    . . .        a - +0 robe
rPois   +            h - +0 helmet
rElec   .            (no cloak)
rCorr   .            (no gloves)
SInv    .            (no boots)
Will    .....        (no amulet)
Stlth   +            f - ring of poison resistance
HPRegen 0.26/turn    (no ring)
MPRegen 0.13/turn

%: no passive effects
@: glowing
A: sense surroundings 1, otherworldly, glowing, explore regen
a: Renounce Religion


You were on level 4 of the Dungeon.
You worshipped Vehumet.
Vehumet was noncommittal.
You visited 1 branch of the dungeon, and saw 4 of its levels.

You collected 123 gold pieces.

Inventory:

Armour
 a - a +0 robe (worn)
 h - a +0 helmet (worn)
Jewellery
 f - a ring of poison resistance (left hand)
Wands
 g - a wand of polymorph (9)
Scrolls
 d - 3 scrolls of vulnerability {unknown}
 e - 2 scrolls of noise {unknown}
 j - a scroll of identify {unknown}
 l - a scroll of poison {unknown}
 m - a scroll of teleportation {unknown}
 o - a scroll of immolation {unknown}
Potions
 b - a potion of magic
 c - a potion of attraction {unknown}
 i - a potion of cancellation {unknown}
 k - 2 potions of lignification {unknown}
 n - a potion of brilliance {unknown}


   Skills:
 - Level 2.1 Dodging
 - Level 1.4 Stealth
 + Level 4.0 Spellcasting
 - Level 1.2 Transmutations
 * Level 5.6 Earth Magic


You had 11 spell levels left.
You knew the following spells:

 Your Spells              Type           Power      Damage    Failure   Level
a - Sandblast             Erth           50%        2d12      1%          1

Your spell library contained the following spells:

 Spells                   Type           Power      Damage    Failure   Level
 Passwall                 Tmut/Erth      13%        N/A       4%          2
 Stone Arrow              Conj/Erth      28%        3d8       13%         3
 Petrify                  Tmut/Erth      16%        N/A       32%         4
 Brom's Barrelling Bould  Conj/Erth      14%        2d4       41%         4


Dungeon Overview and Level Annotations

Branches:
Dungeon (4/15) Zot: 1073
 Temple: D:4-7

Altars:
Trog
Vehumet
The Shining One

Shops:
D:2 *

Annotations:
D:2 1 transporter


Innate Abilities, Weirdness & Mutations

You passively map a small area around you.
You are easily found by Zot.
You glow in the dark.
You regain HP and MP as you explore.


Message History

No target in view!
No target in view!
You open the door.
An orc priest and an orc come into view.
The orc priest shouts!
The orc shouts!
Found 19 gold pieces.
Found a roughly hewn altar of Beogh.
An orc comes into view. It is wielding a +0 trident.
Found 41 gold pieces.
The orc shouts!
The orc closely misses you.
There is an open door here.
Found 20 gold pieces.
The orc attacks as it pursues you! The orc completely misses you.
The orc attacks as it pursues you! The orc barely misses you.
Casting: Sandblast (safe; 1% risk of failure)
Confirm with . or Enter, or press ? or * to list all spells.
The blast of sand hits the orc!
You kill the orc!
Vehumet accepts your kill.
The orc hits you from afar with a +0 trident!
The orc priest calls down the wrath of Beogh upon you.
Beogh smites you!
* * * LOW HITPOINT WARNING * * *
Aiming: Sandblast (safe; 1% risk of failure)
Press: ? - help, Q - select action, (/) - cycle Shift-Dir - straight line, f - orc
Aim: an orc, wielding a +0 trident (83% to hit)
The blast of sand hits the orc!!
You kill the orc!
Vehumet accepts your kill.
The orc priest calls down the wrath of Beogh upon you.
Beogh smites you!
* * * LOW HITPOINT WARNING * * *
Aiming: Sandblast (safe; 1% risk of failure)
Press: ? - help, Q - select action, (/) - cycle Shift-Dir - straight line, f - orc priest
Aim: an orc priest, wielding a +0 dagger (83% to hit)
The blast of sand hits the orc priest!
The orc priest is severely wounded.
The orc priest calls down the wrath of Beogh upon you.
Beogh smites you!
You die...

*,................ ,
, ................,
## #..........#...
... #!........... * *
#.###..........# ,
...#..#..#........#
,, *
,,!.......##.....###
,#.....†#.#..@....# ,
, * , #..
*#...##)##..... ,
,####..# #..##)o.#
##$ ,
.......###..#.8.8.#**
, ........#...#.$...#
, #.....#...#$8$8$# ,
##.#.....###$_.## , ,
* #.....#,##### *
#.<#...# ,, ,


You could see an orc priest.

Vanquished Creatures
  2 gnolls
  An adder (D:4)
  3 worms (D:2)
  4 dart slugs
  3 orcs
  5 endoplasms
  2 hobgoblins
  6 jackals (D:2)
  4 quokkas
  7 ball pythons
  3 bats
  3 frilled lizards
  5 kobolds
  2 rats
50 creatures vanquished.

Notes
Turn   | Place    | Note
-------+----------+-------------------------------------------
     0 | D:1      | lunkers the Meteoran Earth Elementalist began the quest for
                  | the Orb.
     0 | D:1      | Reached XP level 1. HP: 14/14 MP: 5/5
    49 | D:1      | Reached XP level 2. HP: 20/20 MP: 2/6
    50 | D:1      | Reached skill level 4 in Earth Magic
   152 | D:1      | Reached XP level 3. HP: 22/26 MP: 1/8
   382 | D:2      | Reached XP level 4. HP: 33/33 MP: 5/10
   444 | D:2      | Reached skill level 5 in Earth Magic
   508 | D:2      | Found a glowing golden altar of the Shining One.
   768 | D:2      | Found a transporter.
   770 | D:2      | Found Mucesun's Assorted Antiques.
  1042 | D:3      | Found a radiant altar of Vehumet.
  1056 | D:3      | Became a worshipper of Vehumet
  1094 | D:3      | Found a bloodstained altar of Trog.
  1221 | D:4      | Reached XP level 5. HP: 38/38 MP: 8/11
  1289 | D:4      | Killed from afar by an orc priest

Illustrated notes

Levels and vault maps discovered:
D:1:      lightli_arrival_chessboard, layout_basic,
          chequers_ecumenical_altar_simple
D:2:      layout_basic, serial_shops, nicolae_shop_drivethru, basic_altar
D:3:      layout_basic, mainiacjoe_overflow_catch_the_wave,
          amcnicky_mini_pool_small
D:4:      layout_cave_pools, kennysheep_orc_chapel, uniq_duvessa, uniq_ijyb

Skill      XL: |  1  2  3  4  5 |
---------------+----------------+-----
Earth Magic    | 4 5 |  5.6
Spellcasting   | 3 4 |  4.0
Dodging        | |  2.1
Stealth        | |  1.4
Transmutations | |  1.2

Action                     |  1- 3 |  4- 6 || total
---------------------------+-------+-------++-------
   Cast: Sandblast         |    35 |    39 ||    74
 Armour: Robe              |     1 |     8 ||     9
  Dodge: Dodged            |     8 |    12 ||    20

Table legend: (Time is in decaauts)
 A = Elapsed time spent in this place.
 B = Non-inter-level travel time spent in this place.
 C = Inter-level travel time spent in this place.
 D = Time resting spent in this place.
 E = Time spent auto-exploring this place.
 F = Levels seen in this place.
 G = Mean time per level.
                   A        B        C        D        E       F      G
               +--------+--------+--------+--------+--------+-----+--------+
         Total |   1324 |   1235 |     89 |      0 |    935 |   4 |  331.0 |
       Dungeon |   1324 |   1235 |     89 |      0 |    935 |   4 |  331.0 |
               +--------+--------+--------+--------+--------+-----+--------+

Top non-repeatable levels by time:
     D:2: 549 daAuts
     D:3: 464 daAuts
     D:1: 270 daAuts
     D:4: 40 daAuts
